 Dungeon Crawl Stone Soup version 0.30-a0-779-g7971cf19c3 (webtiles) character file.

Game seed: 13563697130207919769

4 Lucx527 the Magician (level 1, 13/13 HPs)
             Began as a Human Hedge Wizard on Feb 17, 2023.
             Got out of the dungeon alive.
             The game lasted 00:00:44 (69 turns).

Lucx527 the Magician (Human Hedge Wizard)             Turns: 69, Time: 00:00:45

Health: 13/13      AC:  2    Str: 10    XL:     1   Next: 77%
Magic:  4/4        EV: 12    Int: 14    God:
Gold:   0          SH:  0    Dex: 12    Spells: 5/6 levels left

rFire   . . .      SeeInvis .    e - +0 dagger
rCold   . . .      Faith    .    (no shield)
rNeg    . . .      Spirit   .    b - +0 robe
rPois   .          Reflect  .    c - +0 hat
rElec   .          Harm     .    (no cloak)
rCorr   .          Rampage  .    (no gloves)
Will    .....                    (no boots)
Stlth   ++                       (no amulet)
HPRegen 0.22/turn                (no ring)
MPRegen 0.09/turn                (no ring)

@: no status effects
A: no striking features
a: no special abilities


You escaped.
You visited 1 branch of the dungeon, and saw 1 of its levels.

Inventory:

Hand Weapons
 a - a +0 dagger
 e - a +0 dagger (weapon)
Armour
 b - a +0 robe (worn)
 c - a +0 hat (worn)
Potions
 d - a potion of magic


   Skills:
 + Level 2.0 Dodging
 + Level 2.1 Stealth
 + Level 3.2 Spellcasting
 + Level 1.0 Conjurations
 + Level 1.0 Summonings
 + Level 1.0 Translocations


You had 5 spell levels left.
You knew the following spells:

 Your Spells              Type           Power      Damage    Failure   Level
a - Magic Dart            Conj           20%        1d4       14%         1

Your spell library contained the following spells:

 Spells                   Type           Power      Damage    Failure   Level
 Slow                     Hex            8%         N/A       22%         1
 Blink                    Tloc           10%        N/A       22%         2
 Call Imp                 Summ           5%         N/A       22%         2
 Cigotuvi's Dreadful Rot  Necr/Pois/Air  4%         N/A       32%         2
 Mephitic Cloud           Conj/Pois/Air  3%         N/A       50%         3


Dungeon Overview and Level Annotations

Branches:
Dungeon (1/15)

Altars:


Message History

You hit the quokka but do no damage.
The quokka is lightly wounded.
The quokka bites you.
You hit the quokka.
The quokka is moderately wounded.
The quokka closely misses you.
You hit the quokka but do no damage.
The quokka is moderately wounded.
The quokka closely misses you.
You barely miss the quokka.
The quokka is moderately wounded.
The quokka misses you.
You barely miss the quokka.
The quokka is moderately wounded.
The quokka completely misses you. The quokka closely misses you.
You hit the quokka.
The quokka is heavily wounded.
The quokka bites you.
You closely miss the quokka.
The quokka is heavily wounded.
The quokka closely misses you.
You hit the quokka.
The quokka is almost dead.
The quokka barely misses you.
You hit the quokka.
You kill the quokka!
There is a fountain of clear blue water here.
You see here a quokka corpse.
There is a staircase leading out of the dungeon here.
There is a fountain of clear blue water here.
There is a large open door here.
There is a large open door here.
There is a large open door here.
There is a fountain of clear blue water here.
There is a staircase leading out of the dungeon here.
There is a fountain of clear blue water here.
There is a staircase leading out of the dungeon here.
Are you sure you want to leave the Dungeon?
This will make you lose the game!
HP restored.
You have escaped!

### ... #.. # #.# #
###.##.## #+# .#
........####⌠####..#
######8..''⌠@†''..8#
#..####⌠####..#
#†##..#+# .#
#######.#...... #
#.........#
......#..##
...#.#...#
...?.....# ..#.#...#


There were no monsters in sight!

Vanquished Creatures
  A bat (D:1)
  A kobold (D:1)
  A quokka (D:1)
  A rat (D:1)
4 creatures vanquished.

Notes
Turn   | Place    | Note
-------+----------+-------------------------------------------
     0 | D:1      | Lucx527 the Human Hedge Wizard began the quest for the Orb.
     0 | D:1      | Reached XP level 1. HP: 13/13 MP: 4/4
    69 | D:$      | Got out of the dungeon alive.

Illustrated notes

Levels and vault maps discovered:
D:1:      grunt_arrival_crossed_arrows, layout_loops_ring,
          shapermc_ecumenical_altar_pompeii, hangedman_abyss_or_decor_stabs,
          minmay_pentomino_p4

Action                     || total
---------------------------++-------
  Melee: Dagger            ||    22
  Dodge: Dodged            ||    16

Table legend: (Time is in decaauts)
 A = Elapsed time spent in this place.
 B = Non-inter-level travel time spent in this place.
 C = Inter-level travel time spent in this place.
 D = Time resting spent in this place.
 E = Time spent auto-exploring this place.
 F = Levels seen in this place.
 G = Mean time per level.
                   A        B        C        D        E       F      G
               +--------+--------+--------+--------+--------+-----+--------+
         Total |     68 |     68 |      0 |      0 |      0 |   1 |   68.0 |
       Dungeon |     68 |     68 |      0 |      0 |      0 |   1 |   68.0 |
               +--------+--------+--------+--------+--------+-----+--------+

Top non-repeatable levels by time:
     D:1: 68 daAuts
